 Dungeon Crawl Stone Soup version 0.20.0-4-g10b340a (webtiles) character file.

247 hittemv20vhard the Chopper (level 5, 3/42 HPs)
             Began as a Minotaur Skald on May 27, 2017.
             Was an Initiate of Gozag.
             Starved to death
             ... on level 3 of the Dungeon.
             The game lasted 00:05:46 (2360 turns).

hittemv20vhard the Chopper (Minotaur Skald)         Turns: 2360, Time: 00:05:47

Health: 3/42       AC: 10    Str: 16    XL:     5   Next: 85%
Magic:  6/6        EV:  5    Int: 10    God:    Gozag
Gold:   203        SH:  0    Dex: 10    Spells: 2/6 levels left

rFire    . . .     SeeInvis .   a - +0 hand axe
rCold    . . .     Gourm    .   (no shield)
rNeg     . . .     Faith    .   d - +0 plate armour
rPois    .         Spirit   .   (helmet restricted)
rElec    .         Reflect  .   (no cloak)
rCorr    .         Harm     .   (no gloves)
MR       .....                  (no boots)
Stlth    ..........             (no amulet)
Regen    0.2/turn               (no ring)
MPRegen  0.1/turn               (no ring)

@: gold aura, fainting
A: retaliatory headbutt, horns 2
a: Potion Petition, Call Merchant, Bribe Branch, Renounce Religion


You were on level 3 of the Dungeon.
You worshipped Gozag.
Gozag was aware of your devotion.
You were fainting.

You visited 1 branch of the dungeon, and saw 3 of its levels.

You collected 226 gold pieces.
You paid 23 gold pieces to Gozag.

Inventory:

Hand Weapons
 a - a +0 hand axe (weapon)
Missiles
 r - 7 poisoned needles
 s - 3 javelins
 Q - 27 stones (quivered)
Armour
 d - a +0 plate armour (worn)
Jewellery
 j - an uncursed ring of magical power {unknown}
Wands
 v - a wand of paralysis (1/24)
Scrolls
 g - a scroll of enchant armour {unknown}
 m - a scroll of fear {unknown}
 n - a scroll of magic mapping {unknown}
 o - a scroll of amnesia {unknown}
 p - a scroll of remove curse {unknown}
 t - a scroll of teleportation {unknown}
 u - a scroll of identify {unknown}
 w - a scroll of recharging {unknown}
Potions
 b - a potion of agility {unknown}
 e - a potion of ambrosia {unknown}
 f - a potion of flight {unknown}
 i - a potion of might {unknown}
 k - a potion of mutation {unknown}
 l - a potion of brilliance {unknown}
 q - a potion of haste
Books
 c - a book of Battle


   Skills:
 - Level 2.4 Fighting
 * Level 7.5 Axes
 - Level 1.2 Armour
 - Level 2.1 Dodging
 - Level 1.3 Spellcasting
 - Level 2.0 Charms


You had 2 spell levels left.
You knew the following spells:

 Your Spells              Type           Power        Failure   Level  Hunger
a - Infusion              Chrm           #...         100%        1    ##.....
r - Regeneration          Chrm/Necr      #.........   100%        3    ####...


Dungeon Overview and Level Annotations

Branches:
Dungeon (3/15)

Altars:
Gozag
Uskayaw
The Shining One

Annotations:
D:3 1 transporter


Innate Abilities, Weirdness & Mutations

You reflexively headbutt those who attack you in melee.
You have a pair of horns on your head.


Message History

The hungry ghost hits you.
* * * LOW HITPOINT WARNING * * *
You feel slightly more hungry.
You can move again.
You take 7 damage, and have 3/37 hp.
Okay, then.
Aim: a hungry ghost (severely damaged, chance to defeat MR: 28%)
The hungry ghost suddenly stops moving!
Evoking this partially-identified wand wasted a few charges.
The helpless hungry ghost fails to defend itself.
You hit the hungry ghost.
The helpless hungry ghost fails to defend itself.
You hit the hungry ghost.
You destroy the hungry ghost!
Your life force feels restored.
Your Axes skill increases to level 7!
You have reached level 5!
You have starved to death.
You die...
Your body crumbles into a pile of gold.

#.#...=....(....##
##.#......#.>.....#..
#####............#......
###......#########....#
##..>###.##.......##..##
#####........#8......$8#..######
........#.##.#.?.....:.#........
.##.##.##.#..#.......).#...####.
....#..#....©#.$@....$_#....##
.####....#...#.$.....?.#.....#
###....###.#.#.......:.#...#.#
#.#.## #.#.#8......$8#..##...
##.#.# # #.##...©...##..###...
#....# #..#########.........
#..### ##............(##..#.
##.## ########....#.# .#
<..####### #....#.# #


There were no monsters in sight!

Vault maps used:
D:1:      onia_arrival_pyramid, minmay_box_of_dots
D:2:      overflow_temple_1_default, serial_glass, glass_columns_a,
          glass_columns_a, glass_columns_a, tso_metal_star
D:3:      gammafunk_temple_overflow_arena, nicolae_overflow_hidden_temple,
          first_bread, uniq_ijyb

Notes
Turn   | Place    | Note
-------+----------+-------------------------------------------
     0 | D:1      | hittemv20vhard the Minotaur Skald began the quest for the Orb.
     0 | D:1      | Reached XP level 1. HP: 18/18 MP: 1/1
    19 | D:1      | Reached skill level 3 in Axes
    26 | D:1      | Reached XP level 2. HP: 7/25 MP: 3/3
   491 | D:1      | Reached skill level 4 in Axes
   765 | D:1      | Reached XP level 3. HP: 30/30 MP: 4/4
   825 | D:1      | Identified a +0 ring mail (You found it on level 1 of the Dungeon)
  1087 | D:2      | Found an opulent altar of Gozag.
  1235 | D:2      | Became a worshipper of Gozag Ym Sagoz the Greedy
  1319 | D:2      | Reached skill level 5 in Axes
  1659 | D:2      | Identified a +0 plate armour (You found it on level 2 of the Dungeon)
  1727 | D:2      | Reached XP level 4. HP: 37/37 MP: 5/5
  1761 | D:2      | Learned a level 3 spell: Regeneration
  1879 | D:2      | Found a glowing golden altar of the Shining One.
  2176 | D:2      | Identified 2 potions of haste
  2200 | D:3      | Noticed Ijyb
  2214 | D:3      | Paralysed by Ijyb for 6 turns
  2222 | D:3      | Paralysed by Ijyb for 4 turns
  2229 | D:3      | Killed Ijyb
  2278 | D:3      | Noticed a hungry ghost
  2281 | D:3      | Found a hide-covered altar of Uskayaw.
  2325 | D:3      | Reached skill level 6 in Axes
  2346 | D:3      | HP: 9/37 [hungry ghost (2)]
  2351 | D:3      | Paralysed by fainting for 7 turns
  2352 | D:3      | HP: 9/37 [hungry ghost (1)]
  2357 | D:3      | HP: 3/37 [hungry ghost (4)]
  2360 | D:3      | Killed a hungry ghost
  2360 | D:3      | Reached skill level 7 in Axes
  2360 | D:3      | Reached XP level 5. HP: 3/42 MP: 6/6
  2360 | D:3      | Starved to death

Table legend:
 A = Turns spent in this place as a percentage of turns spent in the entire game.
 B = Non-inter-level travel turns spent in this place as a percentage of non-inter-level travel turns spent in the entire game.
 C = Inter-level travel turns spent in this place as a percentage of turns spent in this place.
 D = Turns resting spent in this place as a percentage of non-inter-level travel turns spent in this place.
 E = Turns spent auto-exploring this place as a percentage of non-inter-level travel turns spent in this place.
 F = Non-inter-level travel turns spent in this place divided by the number of levels of this place that you've seen.
                   A       B       C       D       E      F
               +-------+-------+-------+-------+-------+----------------------
         Total | 100.0 | 100.0 |   0.9 |   0.3 |  10.8 | 193.7
       Dungeon | 100.0 | 100.0 |   0.9 |   0.3 |  10.8 | 193.7
               +-------+-------+-------+-------+-------+----------------------

Table legend:
 A = Kills in this place as a percentage of kills in entire the game.
 B = Kills by you in this place as a percentage of kills by you in the entire game.
 C = Kills by friends in this place as a percentage of kills by friends in the entire game.
 D = Other kills in this place as a percentage of other kills in the entire game.
 E = Experience gained in this place as a percentage of experience gained in the entire game.
 F = Experience gained in this place divided by the number of levels of this place that you have seen.
                   A       B       C       D       E      F
               +-------+-------+-------+-------+-------+----------------------
         Total | 100.0 | 100.0 |  -nan |  -nan | 100.0 | 118.0
       Dungeon | 100.0 | 100.0 |  -nan |  -nan | 100.0 | 118.0
               +-------+-------+-------+-------+-------+----------------------

Skill      XL: |  1  2  3  4 |
---------------+-------------+-----
Axes           | 3 4 5 7 |  7.5
Fighting       | |  2.4
Armour         | |  1.2
Dodging        | |  2.1
Spellcasting   | |  1.3
Charms         | |  2.0

Action                   |  1- 3 |  4- 6 || total
-------------------------+-------+-------++-------
Melee: Hand axe          |   112 |    87 ||   199
       Headbutt          |    19 |    10 ||    29
Throw: Stone             |     5 |     9 ||    14
Evoke: Wand              |       |     1 ||     1
  Use: Potion            |       |     1 ||     1
 Stab: Paralysed         |       |     2 ||     2
  Eat: Bread ration      |     1 |       ||     1
       Meat ration       |       |     2 ||     2
Armor: Leather armour    |    12 |       ||    12
       Plate armour      |     7 |    61 ||    68
       Ring mail         |     7 |       ||     7
Dodge: Dodged            |    65 |    17 ||    82

Vanquished Creatures
  A hungry ghost (D:3)
  Ijyb (D:3)
  3 adders
  An ooze (D:1)
  3 worms (D:2)
  3 dart slugs
  A leopard gecko (D:1)
  3 giant cockroaches
  7 goblins
  8 hobgoblins
  4 kobolds
  A ball python (D:2)
  6 bats
  6 frilled lizards
  6 rats
54 creatures vanquished.
